[Event "Titled Tuesday Blitz May 10 Late 2022"]
[White "Shimanov, Aleksandr"]
[Black "Bortnyk, Olexandr"]
[WhiteFideId "4198603"]
[BlackFideId "14120828"]
[WhiteElo "2605"]
[BlackElo "2723"]
[Result "1-0"]
[Round "04"]
[TimeControl "180+1"]
[Date "2022.05.10"]
[WhiteClock "0:00:11"]
[BlackClock "0:00:14"]

1. b3 d5 2. Bb2 Bf5 3. d3 e6 4. Nd2 Nf6 5. g3 h6 6. Bg2 Be7 7. e4 Bh7 8. Nh3 O-O 9. O-O a5 10. a3 Na6 11. Qe2 c6 12. f3 a4 13. b4 c5 14. b5 Nc7 15. c4 Nd7 16. Nf2 Bf6 17. e5 Be7 18. f4 Nb6 19. Rad1 Qd7 20. Kh1 Rfd8 21. Nf3 Qe8 22. g4 Rd7 23. Bc3 Rad8 24. Ba5 Nca8 25. Bh3 dxc4 26. dxc4 Rxd1 27. Rxd1 Rxd1+ 28. Nxd1 Qd7 29. Nb2 Bb1 30. Qd2 Be4 31. Bg2 Qe8 32. Qe2 Bg6 33. Nd2 Qd7 34. Ne4 f5 35. exf6 gxf6 36. Bc3 Kf7 37. Ng3 Nc7 38. Be4 f5 39. gxf5 exf5 40. Bf3 Ne6 41. Qe5 Bd6 42. Qf6+ Ke8 43. Qxg6+ Kd8 44. Nxf5 Bxf4 45. Qf6+ Kc8 46. Ne7+ Kb8 47. Nd5 Bg5 48. Qe5+ Ka7 49. Nxb6 Kxb6 50. Qd5 Qe7 51. Nxa4+ Ka7 52. b6+ Ka6 53. Qxe6 Qxe6 54. Nxc5+ Kxb6 55. Nxe6 Bc1 56. Bb4 Ka7 57. Bd5 b6 58. Kg2 Ka6 59. Kf3 Bb2 60. Ke4 Bf6 61. h3 Bb2 62. Kf5 Bc1 63. Kg6 Bxa3 64. Bxa3 b5 65. cxb5+ Kxb5 66. Kxh6 Ka4 1-0


[Site "https://www.chess.com"]

[Event "Titled Tuesday Blitz May 10 Late 2022"]
[White "Simonovic, Miroslav"]
[Black "Ansh M Shah"]
[WhiteFideId "919152"]
[BlackFideId "25033379"]
[WhiteElo "2043"]
[BlackElo "1819"]
[Result "0-1"]
[Round "04"]
[TimeControl "180+1"]
[Date "2022.05.11"]
[WhiteClock "0:00:08"]
[BlackClock "0:01:05"]

1. d4 Nf6 2. Bg5 d5 3. Bxf6 exf6 4. e3 c6 5. a3 Bd6 6. c4 dxc4 7. Bxc4 O-O 8. Nc3 Be6 9. Be2 Nd7 10. Bf3 Nb6 11. Nge2 g6 12. O-O h5 13. g3 Kg7 14. b4 a6 15. Na4 Nxa4 16. Qxa4 Bh3 17. Rfd1 h4 18. d5 hxg3 19. hxg3 c5 20. bxc5 Bxc5 21. Rac1 Bd6 22. Nf4 Bd7 23. Qb3 b5 24. Kg2 Rh8 25. Rh1 Qe7 26. Ra1 Rxh1 27. Kxh1 Rh8+ 28. Kg2 Qe5 29. Ra2 Qg5 30. Qd1 Qh6 31. Kf1 Bxf4 32. gxf4 Qh3+ 33. Bg2 Qh2 34. Rc2 Bf5 35. Rc6 Qh1+ 36. Bxh1 Rxh1+ 37. Ke2 Bg4+ 38. f3 Bxf3+ 39. Kxf3 Rxd1 40. Rxa6 Rxd5 41. Rb6 Rd3 42. Rxb5 Rxa3 43. Rb7 f5 44. Rc7 Ra1 45. Rb7 Rf1+ 46. Ke2 Rh1 47. Kf3 Rh3+ 48. Kf2 Kf6 49. Rb6+ Kg7 50. Rb7 Rh8 51. Rc7 Re8 52. Rb7 Re6 53. Rc7 Kf6 54. Rb7 Re7 55. Rb6+ Kg7 56. Rb8 f6 57. Rb6 Rf7 58. Kf3 g5 59. fxg5 fxg5 60. Ra6 Rf6 61. Ra8 Kg6 62. Rg8+ Kh5 63. Rh8+ Rh6 64. Rf8 Kg6 65. Rg8+ Kf6 66. Rf8+ Ke5 67. Re8+ Re6 68. Rg8 g4+ 69. Kf2 Ke4 70. Ra8 Rc6 71. Ra4+ Ke5 72. Ra5+ Kf6 73. Ra4 Rc2+ 74. Kg3 Re2 75. Kf4 Rf2+ 76. Kg3 Rf3+ 77. Kg2 Rxe3 78. Ra6+ Kg5 79. Ra8 Kf4 80. Ra4+ Re4 81. Ra8 Re2+ 82. Kf1 Rb2 83. Ra4+ Kg3 84. Ra3+ Kh4 85. Ra8 f4 86. Rh8+ Kg3 87. Ra8 f3 88. Re8 Rb1+ 89. Re1 Rxe1+ 90. Kxe1 Kg2 91. Kd2 f2 92. Ke3 f1=Q 0-1


[Site "https://www.chess.com"]

[Event "Titled Tuesday Blitz May 10 Late 2022"]
[White "Sjugirov, Sanan"]
[Black "Koellner, Ruben Gideon"]
[WhiteFideId "4189302"]
[BlackFideId "12993093"]
[WhiteElo "2602"]
[BlackElo "2620"]
[Result "1-0"]
[Round "04"]
[TimeControl "180+1"]
[Date "2022.05.10"]
[WhiteClock "0:01:37"]
[BlackClock "0:00:11"]

1. Nf3 Nf6 2. c4 e6 3. Nc3 d5 4. e3 Be7 5. b3 c5 6. cxd5 exd5 7. d4 b6 8. Bb2 O-O 9. Be2 Be6 10. O-O Nbd7 11. Rc1 Rc8 12. h3 Ne4 13. Nxe4 dxe4 14. Nd2 f5 15. Bc4 Bxc4 16. Nxc4 Bf6 17. Nd6 Rb8 18. Nxf5 cxd4 19. Bxd4 Bxd4 20. Nxd4 Nc5 21. Nc6 Qxd1 22. Rfxd1 Rb7 23. Rc4 Rbf7 24. Rd2 h6 25. Ne5 Rf5 26. Ng6 R8f7 27. b4 Nd3 28. f4 R5f6 29. Rxe4 Nxb4 30. Ne5 Nc6 31. Nxf7 Rxf7 32. Rd6 Na5 33. Red4 Rc7 34. Rd7 Rc1+ 35. Kh2 Nc6 36. R4d6 Rc5 37. Rg6 Kf8 38. Rgxg7 Ke8 39. Rb7 Kf8 40. Rgc7 Ke8 41. Rc8+ Nd8 42. Rxc5 bxc5 43. Rxa7 1-0


[Site "https://www.chess.com"]

[Event "Titled Tuesday Blitz May 10 Late 2022"]
[White "Souleidis, Georgios"]
[Black "Olenik Campa, Rudi"]
[WhiteFideId "4206827"]
[BlackFideId "14633264"]
[WhiteElo "2615"]
[BlackElo "2455"]
[Result "1-0"]
[Round "04"]
[TimeControl "180+1"]
[Date "2022.05.11"]
[WhiteClock "0:01:11"]
[BlackClock "0:00:03"]

1. e4 c5 2. Be2 e5 3. Bc4 g6 4. d3 Bg7 5. Nc3 Ne7 6. f4 d6 7. Nf3 O-O 8. O-O Nbc6 9. a3 Nd4 10. fxe5 dxe5 11. Bg5 h6 12. Bh4 g5 13. Bg3 Ng6 14. Nd5 Bg4 15. Kh1 a6 16. c3 Nxf3 17. gxf3 Be6 18. Ne3 Bxc4 19. dxc4 Ne7 20. Qe2 Qd7 21. Rad1 Qe6 22. Nd5 Rac8 23. Nxe7+ Qxe7 24. Rd5 Qe6 25. Rfd1 f5 26. Rd6 Qe8 27. exf5 Rxf5 28. Qe4 Qf8 29. Kg2 h5 30. h3 h4 31. Bh2 b5 32. Rd7 bxc4 33. Rb7 Qf6 34. Rdd7 1-0


[Site "https://www.chess.com"]

[Event "Titled Tuesday Blitz May 10 Late 2022"]
[White "Srinath, Rao S.V."]
[Black "Curtis, John"]
[WhiteFideId "5028876"]
[BlackFideId "3200256"]
[WhiteElo "2539"]
[BlackElo "2163"]
[Result "1-0"]
[Round "04"]
[TimeControl "180+1"]
[Date "2022.05.11"]
[WhiteClock "0:01:12"]
[BlackClock "0:00:08"]

1. e4 c5 2. c3 d6 3. d4 Nf6 4. Bd3 e5 5. Ne2 Be7 6. O-O O-O 7. Kh1 cxd4 8. cxd4 Nc6 9. d5 Nb4 10. Nbc3 Nxd3 11. Qxd3 Nd7 12. Be3 Nc5 13. Bxc5 dxc5 14. a4 f5 15. a5 Bd6 16. exf5 Bxf5 17. Ne4 b5 18. N2g3 c4 19. Qe3 Bg6 20. Ng5 Qd7 21. Ne6 Rf6 22. Ne4 Rf5 23. Rad1 h6 24. Nxd6 Qxd6 25. Nc5 Rb8 26. Ne4 Qd8 27. Qxa7 Ra8 28. Qb6 Qxb6 29. axb6 Rb8 30. d6 Rff8 31. Nc5 Rxb6 32. Nd7 Rbb8 33. Nxb8 Rxb8 34. d7 Bd3 35. Rfe1 Rd8 36. Rxe5 Rxd7 37. Rxb5 Re7 38. h3 Re2 39. Kg1 Rc2 40. b3 Be2 41. Rd8+ Kh7 42. bxc4 Bxc4 43. Rb7 Rc1+ 44. Kh2 Rh1+ 45. Kxh1 Bf7 46. Rxf7 1-0


[Site "https://www.chess.com"]

[Event "Titled Tuesday Blitz May 10 Late 2022"]
[White "Stanisz, Patryk"]
[Black "RestartingChess"]
[WhiteFideId "1123106"]
[WhiteElo "1833"]
[BlackElo "2471"]
[Result "0-1"]
[Round "04"]
[TimeControl "180+1"]
[Date "2022.05.11"]
[WhiteClock "0:00:10"]
[BlackClock "0:01:25"]

1. c4 Nf6 2. Nc3 g6 3. e4 d6 4. d4 Bg7 5. Bd3 O-O 6. Nge2 c5 7. d5 Nbd7 8. O-O e5 9. Ng3 Ne8 10. Rb1 Nb6 11. a4 a5 12. Be2 f5 13. exf5 gxf5 14. f4 e4 15. Nb5 Bd7 16. Nh5 Bxb5 17. axb5 Bd4+ 18. Kh1 Ng7 19. b3 a4 20. Nxg7 Kxg7 21. Bb2 Qf6 22. Qc2 a3 23. Ba1 a2 24. Rbd1 Nc8 25. g4 Ne7 26. g5 Qg6 27. Rxd4 cxd4 28. Bxd4+ Kg8 29. Qd1 Qf7 30. h4 Ng6 31. h5 Nh4 32. Ba1 Nf3 33. Bxf3 exf3 34. Qd4 Qxh5+ 35. Kg1 Qg4+ 36. Kf2 Qg2+ 37. Ke3 Qe2# 0-1


[Site "https://www.chess.com"]

[Event "Titled Tuesday Blitz May 10 Late 2022"]
[White "Stremavicius, Titas"]
[Black "Riehle, Marco"]
[WhiteFideId "12804444"]
[BlackFideId "12904392"]
[WhiteElo "2404"]
[BlackElo "2462"]
[Result "1-0"]
[Round "04"]
[TimeControl "180+1"]
[Date "2022.05.10"]
[WhiteClock "0:00:25"]
[BlackClock "0:00:34"]

1. c4 c5 2. Nf3 Nf6 3. Nc3 d5 4. cxd5 Nxd5 5. e4 Nxc3 6. dxc3 Qxd1+ 7. Kxd1 Bg4 8. Bb5+ Nd7 9. h3 Bxf3+ 10. gxf3 O-O-O 11. Ke2 a6 12. Ba4 e5 13. Be3 Be7 14. Bb3 f6 15. Rag1 g6 16. h4 Kc7 17. h5 g5 18. Be6 h6 19. a4 Nb8 20. Rd1 b6 21. Bc4 Rxd1 22. Rxd1 Rd8 23. Rc1 Nc6 24. Bxa6 Ra8 25. Bb5 Na7 26. Bc4 Nc6 27. b3 Na5 28. Bd5 Rd8 29. b4 Nb7 30. Rb1 Rb8 31. Bxb7 Rxb7 32. bxc5 Rb8 33. cxb6+ Kb7 34. a5 Ka6 35. c4 Kxa5 36. c5 Bd8 37. b7 Bc7 38. Kd3 Rd8+ 39. Kc4 Bb8 40. Ra1# 1-0


[Site "https://www.chess.com"]

[Event "Titled Tuesday Blitz May 10 Late 2022"]
[White "Suleymanli, Aydin"]
[Black "Fedoseev, Vladimir"]
[WhiteFideId "13413937"]
[BlackFideId "24130737"]
[WhiteElo "2481"]
[BlackElo "2726"]
[Result "0-1"]
[Round "04"]
[TimeControl "180+1"]
[Date "2022.05.10"]
[WhiteClock "0:00:04"]
[BlackClock "0:00:22"]

1. d4 Nf6 2. Bg5 e6 3. e4 h6 4. Bxf6 Qxf6 5. Nc3 Bb4 6. Qd2 d5 7. e5 Qd8 8. a3 Be7 9. Nf3 c5 10. dxc5 Bxc5 11. Bd3 Nc6 12. Qf4 Bd7 13. Qg3 Kf8 14. O-O a6 15. Ne2 Ne7 16. Nf4 Bb5 17. Nh5 g6 18. Nf6 Bxd3 19. cxd3 Nc6 20. h4 Be7 21. Ng4 Qb6 22. Rab1 Nd4 23. Nxd4 Qxd4 24. Rfc1 h5 25. Nf6 Bxf6 26. exf6 Qxf6 27. Rc7 b5 28. Rbc1 Kg7 29. R1c6 Rhe8 30. b4 a5 31. Rc5 axb4 32. axb4 Ra1+ 33. Kh2 Ra2 34. f3 Rd2 35. Rxb5 Rxd3 36. Rbb7 Rf8 37. b5 Rd4 38. Kh3 e5 39. Rc6 Qf5+ 40. Kh2 Rf4 41. Re7 d4 42. b6 d3 43. b7 d2 44. Rd6 Rd4 0-1


[Site "https://www.chess.com"]

[Event "Titled Tuesday Blitz May 10 Late 2022"]
[White "Tanenbaum, Zachary"]
[Black "Grave, Jacob Templen"]
[WhiteFideId "2060850"]
[BlackFideId "1542656"]
[WhiteElo "2685"]
[BlackElo "2418"]
[Result "1-0"]
[Round "04"]
[TimeControl "180+1"]
[Date "2022.05.11"]
[WhiteClock "0:01:06"]
[BlackClock "0:00:01"]

1. e4 e5 2. Nf3 Nc6 3. Bc4 Bc5 4. c3 Nf6 5. d3 d6 6. Nbd2 a6 7. a4 h6 8. Nf1 O-O 9. Ng3 Be6 10. Bxe6 fxe6 11. O-O Qe8 12. Be3 Bxe3 13. fxe3 d5 14. Nd2 Rd8 15. Qe2 Qg6 16. Rf3 Rd7 17. Raf1 Rdf7 18. b4 d4 19. b5 axb5 20. axb5 Na7 21. Nc4 Nd7 22. cxd4 exd4 23. Qb2 Rxf3 24. Rxf3 Rxf3 25. gxf3 dxe3 26. Qd4 Nxb5 27. Qxd7 e2 28. Kf2 Nc3 29. Ne5 Qg5 30. Qxe6+ Kh7 31. Qf5+ Qxf5 32. Nxf5 b5 33. Nd4 b4 34. Nxe2 b3 35. Nxc3 1-0


[Site "https://www.chess.com"]

[Event "Titled Tuesday Blitz May 10 Late 2022"]
[White "Terry, Renato"]
[Black "Rustemov, Alexander"]
[WhiteFideId "3803457"]
[BlackFideId "4119002"]
[WhiteElo "2577"]
[BlackElo "2739"]
[Result "0-1"]
[Round "04"]
[TimeControl "180+1"]
[Date "2022.05.10"]
[WhiteClock "0:00:01"]
[BlackClock "0:00:38"]

1. Nf3 d5 2. b3 c6 3. Bb2 Bf5 4. g3 e6 5. Bg2 h6 6. O-O Nf6 7. d3 Be7 8. Nbd2 O-O 9. e3 a5 10. a3 Nbd7 11. Qe2 Bh7 12. Nh4 e5 13. e4 Re8 14. Rfe1 Bc5 15. Bh3 Qc7 16. Nf5 Rad8 17. Kg2 b5 18. Nf3 b4 19. axb4 axb4 20. Ra4 dxe4 21. dxe4 Bd4 22. N3xd4 exd4 23. f3 c5 24. Bc1 Nd5 25. Qf2 Bxf5 26. Bxf5 Nc3 27. Ra1 d3 28. Bf4 Ne5 29. cxd3 Rxd3 30. Re3 Nd1 31. Rxd1 Rxd1 32. Qc2 Red8 33. Re2 g5 34. Be3 c4 35. bxc4 Qxc4 36. Qb2 b3 37. Rf2 Nd3 38. Qe2 Re1 39. Qd2 Qb4 40. Qxb4 Nxb4 41. Rb2 Rxe3 42. Kf2 0-1


[Site "https://www.chess.com"]

[Event "Titled Tuesday Blitz May 10 Late 2022"]
[White "Urbina Perez, Juan Antonio"]
[Black "Boidiya, Sidi"]
[WhiteFideId "2217368"]
[BlackFideId "19600100"]
[WhiteElo "2192"]
[BlackElo "2113"]
[Result "0-1"]
[Round "04"]
[TimeControl "180+1"]
[Date "2022.05.11"]
[WhiteClock "0:00:29"]
[BlackClock "0:01:28"]

1. e4 e6 2. d4 d5 3. Nd2 c5 4. exd5 Qxd5 5. dxc5 Bxc5 6. Ngf3 Nf6 7. Bb5+ Bd7 8. Bxd7+ Nbxd7 9. O-O O-O 10. Nb3 Bb6 11. Qxd5 Nxd5 12. c3 N7f6 13. h3 Rfd8 14. Re1 Rac8 15. Bg5 h6 16. Bh4 Nf4 17. Ne5 g5 18. Bg3 N6h5 19. Bxf4 Nxf4 20. Rad1 f6 21. Nf3 e5 22. Nc1 Kf7 23. Kf1 h5 24. Nd2 Rd7 25. Ne4 Rcd8 26. Rxd7+ Rxd7 27. g3 Nxh3 28. Kg2 g4 29. Nb3 f5 30. Nec5 Bxc5 31. Nxc5 Rd2 32. Rxe5 Rxf2+ 33. Kh1 h4 34. Re3 f4 35. gxf4 g3 0-1


[Site "https://www.chess.com"]

[Event "Titled Tuesday Blitz May 10 Late 2022"]
[White "Vlassov, Nikolai"]
[Black "Can, Melih Kaan"]
[WhiteFideId "4103360"]
[BlackFideId "6317383"]
[WhiteElo "2599"]
[BlackElo "2378"]
[Result "1-0"]
[Round "04"]
[TimeControl "180+1"]
[Date "2022.05.11"]
[WhiteClock "0:00:56"]
[BlackClock "0:00:02"]

1. e4 c5 2. c3 d5 3. exd5 Qxd5 4. d4 Nf6 5. Nf3 Bg4 6. dxc5 Qxd1+ 7. Kxd1 Nc6 8. Be3 O-O-O+ 9. Kc1 e5 10. Bb5 Nd5 11. Bxc6 Nxe3 12. Nxe5 bxc6 13. fxe3 Be6 14. Nxc6 Re8 15. b4 Bd5 16. Nxa7+ Kb7 17. Nb5 Bxg2 18. Re1 Be7 19. Nd2 Rd8 20. Nc4 Bf6 21. a4 Bc6 22. Ncd6+ Kb8 23. Ra3 Rd7 24. Nd4 Bd5 25. e4 Bg5+ 26. Kc2 Be6 27. Nxe6 fxe6 28. e5 Rf8 29. Re2 Bf4 30. c6 Rc7 31. b5 g5 32. c4 g4 33. a5 h5 34. a6 h4 35. b6 g3 36. a7+ Ka8 37. b7+ 1-0


[Site "https://www.chess.com"]

[Event "Titled Tuesday Blitz May 10 Late 2022"]
[White "Voiteanu, Gabriel"]
[Black "Pranav, V"]
[WhiteFideId "1208810"]
[BlackFideId "25060783"]
[WhiteElo "2236"]
[BlackElo "2871"]
[Result "0-1"]
[Round "04"]
[TimeControl "180+1"]
[Date "2022.05.11"]
[WhiteClock "0:00:02"]
[BlackClock "0:01:26"]

1. d4 Nf6 2. c4 e6 3. Nf3 b6 4. g3 Ba6 5. Qc2 c5 6. d5 exd5 7. cxd5 Be7 8. Nc3 O-O 9. e4 Bxf1 10. Kxf1 d6 11. Kg2 a6 12. h3 Re8 13. g4 b5 14. Bf4 Nbd7 15. Rhe1 Bf8 16. Rad1 Qa5 17. a3 Rac8 18. e5 dxe5 19. Nxe5 b4 20. Qa4 Qd8 21. Nxd7 Rxe1 22. Nxf6+ Qxf6 23. Rxe1 bxc3 24. Be5 Qd8 25. Bxc3 Qxd5+ 26. Kg1 h5 27. Qxa6 Rc6 28. Qe2 hxg4 29. Qxg4 Rg6 0-1


[Site "https://www.chess.com"]

[Event "Titled Tuesday Blitz May 10 Late 2022"]
[White "Vujic, Mihailo"]
[Black "Hansen, Eric"]
[WhiteFideId "918873"]
[BlackFideId "2606771"]
[WhiteElo "2256"]
[BlackElo "2568"]
[Result "0-1"]
[Round "04"]
[TimeControl "180+1"]
[Date "2022.05.10"]
[WhiteClock "0:00:03"]
[BlackClock "0:00:40"]

1. e4 c5 2. Nf3 e6 3. c3 Nf6 4. e5 Nd5 5. b4 b6 6. b5 d6 7. d4 cxd4 8. cxd4 Bb7 9. Nbd2 Nd7 10. exd6 Bxd6 11. Ne4 Bb4+ 12. Bd2 f5 13. Neg5 Qf6 14. Bxb4 Nxb4 15. Bc4 Rc8 16. Qe2 Bd5 17. Rc1 h6 18. a3 hxg5 19. axb4 g4 20. Ne5 Nxe5 21. dxe5 Qh6 22. Rc2 Bxg2 23. Rg1 Bf3 24. Qd2 Rd8 25. Qxh6 Rd1# 0-1


[Site "https://www.chess.com"]

[Event "Titled Tuesday Blitz May 10 Late 2022"]
[White "Wagner, Dennis"]
[Black "Song, Guannan Terry"]
[WhiteFideId "24650684"]
[BlackFideId "2614189"]
[WhiteElo "2704"]
[BlackElo "2529"]
[Result "1-0"]
[Round "04"]
[TimeControl "180+1"]
[Date "2022.05.11"]
[WhiteClock "0:00:11"]
[BlackClock "0:00:01"]

1. Nf3 c5 2. c4 e6 3. g3 b6 4. Bg2 Bb7 5. O-O Nf6 6. Nc3 Be7 7. Re1 Ne4 8. Nxe4 Bxe4 9. d3 Bb7 10. e4 Nc6 11. d4 cxd4 12. Nxd4 O-O 13. Bf4 d6 14. Nxc6 Bxc6 15. Rc1 Rc8 16. Qd3 Qc7 17. Red1 Rfd8 18. b4 a5 19. b5 Ba8 20. h4 Qb7 21. Be3 Kh8 22. Qd4 Rc5 23. Kh2 f5 24. Qd2 Re5 25. Bd4 Rxe4 26. f3 Rxd4 27. Qxd4 Bf6 28. Qe3 h6 29. Qxe6 f4 30. gxf4 Qc7 31. Qg4 Qc5 32. Rc2 h5 33. Qg3 Qf5 34. Rcd2 Qe6 35. Bh3 Qxc4 36. Rxd6 Re8 37. Bg2 Qxb5 38. Qg6 Rf8 39. Rxf6 gxf6 40. Rg1 Qd7 41. Qh6+ Kg8 42. Bh3+ 1-0


[Site "https://www.chess.com"]

[Event "Titled Tuesday Blitz May 10 Late 2022"]
[White "Winkels, Marcel"]
[Black "Melikhov, Evgeny V."]
[WhiteFideId "1003887"]
[BlackFideId "4122046"]
[WhiteElo "1900"]
[BlackElo "1931"]
[Result "1-0"]
[Round "04"]
[TimeControl "180+1"]
[Date "2022.05.11"]
[WhiteClock "0:01:56"]
[BlackClock "0:01:16"]

1. e4 c5 2. Nf3 d6 3. d4 cxd4 4. Nxd4 Nf6 5. Nc3 a6 6. a3 e6 7. Be3 Be7 8. f3 O-O 9. Qd2 Nbd7 10. g4 Qc7 11. g5 Nh5 12. O-O-O e5 13. Nf5 Qd8 14. Nd5 Re8 15. Ndxe7+ Rxe7 16. Nxe7+ Qxe7 17. Qxd6 Qxd6 18. Rxd6 Nf4 19. Bc4 b5 20. Bb3 Nf8 21. Rd8 Bb7 22. Rhd1 Ne6 23. Rxa8 Bxa8 24. Rd6 Bb7 25. Rb6 Bc8 26. Rb8 Bd7 27. Bxe6 Bxe6 28. Bc5 1-0


[Site "https://www.chess.com"]

[Event "Titled Tuesday Blitz May 10 Late 2022"]
[White "Yedidia, Daniel"]
[Black "Cilek, Bora"]
[WhiteFideId "30905907"]
[BlackFideId "34502165"]
[WhiteElo "2614"]
[BlackElo "2444"]
[Result "1-0"]
[Round "04"]
[TimeControl "180+1"]
[Date "2022.05.11"]
[WhiteClock "0:02:39"]
[BlackClock "0:00:43"]

1. d4 Nf6 2. c4 e6 3. Nc3 Bb4 4. e3 O-O 5. Bd3 b6 6. Ne2 Bb7 7. O-O c5 8. a3 Bxc3 9. Nxc3 cxd4 10. exd4 d5 11. c5 bxc5 12. dxc5 a5 13. Bg5 h6 14. Bh4 Na6 15. Na4 Rc8 16. Rc1 Qe7 17. c6 Rxc6 18. Rxc6 Bxc6 19. Bxa6 g5 20. Bg3 Rb8 21. Bxb8 1-0


[Site "https://www.chess.com"]

[Event "Titled Tuesday Blitz May 10 Late 2022"]
[White "Yuan, Qingyu"]
[Black "Hakobyan, Aram"]
[WhiteFideId "8609772"]
[BlackFideId "13306677"]
[WhiteElo "2359"]
[BlackElo "2557"]
[Result "0-1"]
[Round "04"]
[TimeControl "180+1"]
[Date "2022.05.10"]
[WhiteClock "0:00:06"]
[BlackClock "0:00:22"]

1. e4 c5 2. Nf3 Nc6 3. Bc4 e6 4. O-O a6 5. Re1 b5 6. Bf1 Nge7 7. b3 Ng6 8. Bb2 e5 9. c3 d6 10. d4 Be7 11. a4 b4 12. dxe5 dxe5 13. cxb4 cxb4 14. Nbd2 O-O 15. Nc4 Be6 16. Qc2 Rc8 17. Rad1 Qc7 18. Qb1 Bc5 19. Rc1 Qa7 20. Re2 Nf4 21. Rd2 f6 22. Qc2 Bg4 23. Ne1 Nd4 24. Bxd4 Bxd4 25. Nd3 Bc3 26. Nxf4 Bxd2 27. Qxd2 exf4 28. Qxf4 Be6 29. h4 Rfd8 30. Re1 Qd4 31. h5 h6 32. Qg3 Qc3 33. Re3 Qc1 34. e5 Rd1 35. Nd2 Qxd2 36. exf6 Rxf1+ 37. Kh2 Rh1+ 38. Kxh1 Qd1+ 39. Kh2 Qxh5+ 40. Kg1 Rc1+ 41. Re1 Rxe1# 0-1


[Site "https://www.chess.com"]

[Event "Titled Tuesday Blitz May 10 Late 2022"]
[White "Zhigalko, Sergei"]
[Black "Djokic, Mihailo"]
[WhiteFideId "13502956"]
[BlackFideId "976440"]
[WhiteElo "2662"]
[BlackElo "2202"]
[Result "1-0"]
[Round "04"]
[TimeControl "180+1"]
[Date "2022.05.10"]
[WhiteClock "0:00:02"]
[BlackClock "0:00:01"]

1. e4 c5 2. Nf3 d6 3. d4 cxd4 4. Qxd4 a6 5. Bc4 Nc6 6. Qd3 g6 7. Nc3 Bg7 8. Bb3 Nf6 9. Bg5 O-O 10. O-O-O Bg4 11. h3 Bxf3 12. Qxf3 Qa5 13. h4 Ne5 14. Qh3 h5 15. Kb1 Rac8 16. Bxf6 Bxf6 17. Nd5 Kg7 18. Nxf6 Kxf6 19. Rd5 Qb6 20. Qg3 Kg7 21. Rhd1 Ng4 22. R5d2 Rc5 23. f3 Nf6 24. Qe1 a5 25. Qe2 Rb5 26. a4 Rb4 27. e5 dxe5 28. Qxe5 Rxh4 29. Qxe7 Qb4 30. Qe5 Qf4 31. Qxa5 Rh2 32. Qb6 Qb8 33. a5 h4 34. Rd6 Ng8 35. Qd4+ Kh7 36. Rd7 Nh6 37. Bd5 Rxg2 38. Qxh4 Rh2 39. Qd4 Qg3 40. Bxb7 Nf5 41. Qd3 Qf2 42. a6 Kg7 43. Be4 Ne3 44. Qd4+ Kg8 45. Rc1 Rh5 46. Rd8 Rxd8 47. Qxd8+ Kh7 48. a7 Rh1 49. Rxh1+ Qh2 50. Rxh2+ Kg7 51. Qh8# 1-0


[Site "https://www.chess.com"]

[Event "Titled Tuesday Blitz May 10 Late 2022"]
[White "Adewumi, Tanitoluwa"]
[Black "Miszler, Levente"]
[WhiteFideId "30966396"]
[BlackFideId "763276"]
[WhiteElo "2493"]
[BlackElo "1966"]
[Result "1-0"]
[Round "05"]
[TimeControl "180+1"]
[Date "2022.05.11"]
[WhiteClock "0:00:16"]
[BlackClock "0:00:10"]

1. e4 e6 2. d4 d5 3. Nc3 Nf6 4. Bg5 Be7 5. Bxf6 Bxf6 6. Nf3 O-O 7. Qd2 b6 8. Bd3 Bb7 9. O-O Nd7 10. Rad1 Qc8 11. exd5 exd5 12. Bf5 g6 13. Bh3 Qd8 14. Qf4 Bg7 15. Rfe1 Nf6 16. Nb5 c5 17. dxc5 bxc5 18. Ne5 Qb6 19. c4 dxc4 20. a4 a6 21. Nxc4 Qc6 22. Rd6 axb5 23. Rxc6 Bxc6 24. axb5 Bxb5 25. Nd6 Bc6 26. g3 Rfd8 27. Nxf7 Kxf7 28. Qc7+ Bd7 29. Be6+ Kf8 30. Qd6+ Ke8 31. Bd5+ 1-0


[Site "https://www.chess.com"]

[Event "Titled Tuesday Blitz May 10 Late 2022"]
[White "Aggelis, Nikolaos"]
[Black "Melkumyan, Hrant"]
[WhiteFideId "4213220"]
[BlackFideId "13302485"]
[WhiteElo "2154"]
[BlackElo "2604"]
[Result "0-1"]
[Round "05"]
[TimeControl "180+1"]
[Date "2022.05.10"]
[WhiteClock "0:00:06"]
[BlackClock "0:00:25"]

1. d4 d5 2. Nf3 Nf6 3. g3 Bf5 4. Bg2 c6 5. O-O e6 6. Nbd2 h6 7. c4 Nbd7 8. b3 Bd6 9. Bb2 O-O 10. Ne5 Qa5 11. a3 Rfc8 12. b4 Qd8 13. Nd3 Bxd3 14. exd3 a5 15. c5 Bc7 16. Nb3 a4 17. Nd2 Qf8 18. Re1 g6 19. Nf3 Bd8 20. Ne5 Nb8 21. Rc1 Na6 22. Rc2 Nc7 23. Qa1 Nb5 24. Bc1 Be7 25. Rce2 Rd8 26. Bh3 Nc7 27. Qb2 Nh7 28. Qd2 Bg5 29. f4 Bf6 30. Qe3 Qg7 31. Bb2 Nb5 32. Kh1 Re8 33. Qf2 Rad8 34. Bg2 h5 35. h3 Qh8 36. Kh2 Bg7 37. Bh1 Nf6 38. Bg2 Kf8 39. Kh1 Ng8 40. Kg1 Ne7 41. Kh2 Nf5 42. Bf3 Bf6 43. Bg2 Kg8 44. Kg1 Rc8 45. Kh2 Nc7 46. Kg1 Na6 47. Qf3 Nb8 48. Bh1 Rcd8 49. g4 Nh4 50. Qg3 Nd7 51. Rh2 Nxe5 52. fxe5 Bg5 53. Bc1 Qh6 54. Bxg5 Qxg5 55. Qe3 Qxe3+ 56. Rxe3 Kg7 57. Bf3 hxg4 58. Bxg4 Rb8 59. Bd1 Nf5 60. Ree2 Nxd4 61. Rb2 b5 62. cxb6 Rxb6 63. Rhf2 c5 64. Bxa4 Ra8 65. Bd1 Rxa3 66. bxc5 Rxb2 67. Rxb2 Ra1 68. Rb4 Rxd1+ 69. Kf2 Nc6 70. Rb6 Nxe5 71. d4 Rxd4 72. c6 Rc4 0-1


[Site "https://www.chess.com"]

[Event "Titled Tuesday Blitz May 10 Late 2022"]
[White "Alexiadis, Hristos"]
[Black "Alekseenko, Kirill"]
[WhiteFideId "4249623"]
[BlackFideId "4135539"]
[WhiteElo "2416"]
[BlackElo "2682"]
[Result "0-1"]
[Round "05"]
[TimeControl "180+1"]
[Date "2022.05.10"]
[WhiteClock "0:00:01"]
[BlackClock "0:01:10"]

1. e4 c5 2. Nf3 Nc6 3. Bb5 g6 4. O-O Bg7 5. Re1 Nf6 6. c3 O-O 7. h3 e5 8. d3 d6 9. a3 a6 10. Ba4 b5 11. Bc2 Bb7 12. Nbd2 Qb6 13. b4 a5 14. Rb1 axb4 15. axb4 cxb4 16. cxb4 Nh5 17. Nf1 Nf4 18. Be3 Qd8 19. d4 Qf6 20. Bxf4 Qxf4 21. dxe5 dxe5 22. Ne3 Nd4 23. Nxd4 exd4 24. Nd5 Qd6 25. Bb3 Rae8 26. Qd3 Bc6 27. Rec1 Kh8 28. Rc5 f5 29. Re1 fxe4 30. Rxe4 Rxe4 31. Qxe4 Re8 32. Qb1 Re5 33. Nb6 Rxc5 34. bxc5 Qxc5 35. Qe1 Qe5 36. Qa5 d3 37. Qd2 Qc3 0-1


[Site "https://www.chess.com"]

[Event "Titled Tuesday Blitz May 10 Late 2022"]
[White "Andreikin, Dmitry"]
[Black "Ibarra Jerez, Jose Carlos"]
[WhiteFideId "4158814"]
[BlackFideId "2226332"]
[WhiteElo "2736"]
[BlackElo "2626"]
[Result "0-1"]
[Round "05"]
[TimeControl "180+1"]
[Date "2022.05.10"]
[WhiteClock "0:01:55"]
[BlackClock "0:01:29"]

1. d4 Nf6 2. c4 d6 3. Nf3 g6 4. Nc3 Bf5 5. Nh4 Bd7 6. Nf3 Bf5 7. Ng5 Bd7 8. e4 e5 9. d5 a5 10. h4 h6 11. Nh3 Na6 12. Be2 Nc5 13. Qc2 Bg7 14. Be3 O-O 15. f3 Nh5 16. Bf2 Nf4 17. Nxf4 exf4 18. O-O-O a4 19. Bd4 Bxd4 20. Rxd4 Qf6 21. Rdd1 c6 22. dxc6 bxc6 23. Qd2 a3 24. Qxd6 axb2+ 25. Kc2 b1=Q+ 0-1


[Site "https://www.chess.com"]